 Dungeon Crawl Stone Soup version 0.31-a0-117-g42d8f58691 (webtiles) character file.

Game seed: 16208924546944354889

401480 NoAnimeNoLife the Phalangite (level 22, -9/188 HPs)
             Began as a Merfolk Ice Elementalist on May 31, 2023.
             Was an Elder of Jiyva.
             Killed from afar by a black draconian knight (32 damage)
             ... with a shard of ice
             ... led by a black draconian knight
             ... on level 2 of the Realm of Zot.
             The game lasted 01:56:26 (35135 turns).

NoAnimeNoLife the Phalangite (MfIE)                Turns: 35135, Time: 01:56:26

Health: -9/188     AC: 18    Str: 13 (14) XL:     22   Next: 96%
Magic:  42/42      EV: 34    Int: 25      God:    Jiyva [****..]
Gold:   1034       SH:  8    Dex: 15      Spells: 23/36 levels left

rFire   + + .        f - +9 bardiche (flame)
rCold   + . .        (shield currently unavailable)
rNeg    + + .        u - +5 steam dragon scales
rPois   +            (no helmet)
rElec   .            i - +2 cloak {rPois}
rCorr   +            x - +2 pair of gloves {Stlth+}
SInv    .            h - +2 pair of boots
Will    ++++.        U - amulet of the Four Winds {rN+ Will+++ Clar}
Stlth   +++++++      P - ring of Tisut {rF- rC+ rN+ MP+9 Str+4}
HPRegen 1.79/turn    S - ring of the Hare {EV+10}
MPRegen 0.68/turn

%: clarity
@: unable to read
A: (nimble swimmer 2), mertail, large bone plates 3, clarity, clever 1, fire
resistance 3, sense surroundings 3, poison resistance, wild magic 2, pseudopods
1, translucent skin 1, inability to read after injury 1, engulf
}: 3/15 runes: decaying, slimy, gossamer
a: Renounce Religion, Oozemancy, Slimify


You were on level 2 of the Realm of Zot.
You worshipped Jiyva.
Jiyva was greatly pleased with you.
You visited 8 branches of the dungeon, and saw 42 of its levels.
You also visited: Sewer and Bailey.

You collected 2703 gold pieces.
You spent 1669 gold pieces at shops.

Inventory:

Hand Weapons
 f - a +9 bardiche of flaming (weapon)
 g - the +8 demon trident of Uncomfortable Rashes {drain, Will+}
   (You found it on level 5 of the Lair of Beasts)

   Will:      It increases your willpower.
Missiles
 a - 6 silver javelins
 K - 2 throwing nets
Armour
 h - a +2 pair of boots (worn)
 i - a +2 cloak of poison resistance (worn)
 j - +4 storm dragon scales {Bai Suzhen}
 u - +5 steam dragon scales (worn)
 x - a +2 pair of gloves of stealth (worn)
Jewellery
 e - a ring of see invisible
 q - an amulet of faith
 v - a +6 ring of strength
 B - an amulet of magic regeneration
 C - a ring of magical power
 G - the ring of Dauschuo {Ice rPois rCorr}
   (You found it on level 3 of the Realm of Zot)

   [ring of ice]

   It enhances your ice magic.
   rF:        It makes you vulnerable to fire.
   rC:        It protects you from cold.
   rPois:     It protects you from poison.
   rCorr:     It protects you from acid and corrosion.
 P - the ring of Tisut (left hand) {rF- rC+ rN+ MP+9 Str+4}
   (You found it on level 5 of the Pits of Slime)

   [ring of magical power]

   Str:       It affects your strength (+4).
   rF:        It makes you vulnerable to fire.
   rC:        It protects you from cold.
   rN:        It protects you from negative energy.
   MP:        It affects your magic capacity (+9).
 Q - the ring "Hojaaqox" {Will+ Str+6 Int+4}
   (You found it on level 5 of the Pits of Slime)

   [ring of strength]

   Str:       It affects your strength (+6).
   Int:       It affects your intelligence (+4).
   Will:      It increases your willpower.
 R - the ring "Jonorr" {rF+ rC+ rN+}
   (You found it on level 5 of the Pits of Slime)

   [ring of positive energy]

   rF:        It protects you from fire.
   rC:        It protects you from cold.
   rN:        It protects you from negative energy.
 S - the ring of the Hare (right hand) {EV+10}
   (You found it on level 5 of the Lair of Beasts)

   [ring of evasion]

   EV:        It affects your evasion (+10).
 U - the amulet of the Four Winds (around neck) {rN+ Will+++ Clar}
   (You bought it in a shop on level 1 of the Depths)

   [amulet of nothing]

   rN:        It protects you from negative energy.
   Clar:      It protects you from confusion, rage, mesmerisation and fear.
   Will:      It greatly increases your willpower.
 V - a +5 ring of evasion
 Z - a +6 ring of dexterity
Wands
 c - a wand of polymorph (10)
 s - a wand of flame (60) (quivered)
 M - a wand of mindburst (16)
 T - a wand of roots (15)
 W - a wand of charming (9)
Scrolls
 d - 2 scrolls of silence
 p - 11 scrolls of identify
 t - 4 scrolls of amnesia
 y - 20 scrolls of teleportation
 D - a scroll of torment
 H - 3 scrolls of fog
 I - 2 scrolls of magic mapping
 J - 3 scrolls of poison
 L - 2 scrolls of summoning
 N - 2 scrolls of enchant weapon
 O - 6 scrolls of vulnerability
Potions
 b - 7 potions of magic
 k - 6 potions of invisibility
 l - 2 potions of berserk rage
 m - 2 potions of brilliance
 r - 5 potions of mutation
 w - 3 potions of curing
 z - 2 potions of might
 A - 2 potions of haste
 E - 4 potions of degeneration
Miscellaneous
 o - a box of beasts (inert)
 F - a tin of tremorstones (2/2)
 X - a lightning rod (4/4)


   Skills:
 - Level 19.5 Fighting
 - Level 24.0 Polearms
 - Level 13.1 Throwing
 - Level 6.2 Armour
 + Level 21.2 Dodging
 - Level 11.1 Stealth
 - Level 7.6 Spellcasting
 - Level 6.6 Translocations
 - Level 11.4 Ice Magic
 - Level 13.9 Evocations


You had 23 spell levels left.
You knew the following spells:

 Your Spells              Type           Power      Damage    Failure   Level
a - Freeze                Ice            100%       1d10      1%          1
b - Frozen Ramparts       Ice            100%       1d16      1%          3
c - Ozocubu's Armour      Ice            82%        N/A       1%          3
d - Vhi's Electric Charg  Tloc/Air       82%        N/A       12%         3
e - Blink                 Tloc           100%       N/A       3%          2
f - Apportation           Tloc           100%       N/A       2%          1

Your spell library contained the following spells:

 Spells                   Type           Power      Damage    Failure   Level
 Lesser Beckoning         Tloc           100%       N/A       3%          2
 Hailstorm                Conj/Ice       57%        3d12      6%          3
 Momentum Strike          Conj/Tloc      82%        3d10      8%          2
 Volatile Blastmotes      Fire/Tloc      82%        2d16      12%         3
 Beastly Appendage        Tmut           30%        N/A       14%         1
 Necrotise                Necr           60%        1d7       14%         1
 Sandblast                Erth           30%        2d9       14%         1
 Sting                    Tmut/Pois      60%        1d6       14%         1
 Summon Small Mammal      Summ           60%        N/A       14%         1
 Ice Form                 Ice/Tmut       57%        N/A       14%         4
 Summon Ice Beast         Ice/Summ       57%        N/A       14%         4
 Cigotuvi's Dreadful Rot  Necr/Pois/Air  30%        N/A       21%         2
 Passwall                 Tmut/Erth      12%        N/A       21%         2
 Call Canine Familiar     Summ           15%        N/A       34%         3
 Ignite Poison            Fire/Tmut/Pois 15%        N/A       34%         3
 Stone Arrow              Conj/Erth      30%        3d8       34%         3
 Summon Guardian Golem    Hex/Summ       15%        N/A       34%         3
 Freezing Cloud           Conj/Ice/Air   22%        6-21      54%         5
 Animate Armour           Summ/Erth      30%        N/A       71%         4
 Animate Dead             Necr           15%        N/A       71%         4
 Dispel Undead            Necr           15%        3d10      71%         4
 Fulminant Prism          Conj/Hex       7%         3d6       71%         4
 Summon Lightning Spire   Summ/Air       15%        N/A       71%         4
 Simulacrum               Ice/Necr       28%        N/A       82%         6
 Arcjolt                  Conj/Air       7%         1d17      95%         5
 Blade Hands              Tmut           7%         N/A       95%         5
 Borgnjor's Vile Clutch   Necr/Erth      7%         N/A       95%         5
 Iskenderun's Battlesphe  Conj           15%        2d7       95%         5
 Summon Mana Viper        Hex/Summ       15%        N/A       95%         5
 Conjure Ball Lightning   Conj/Air       7%         3x3d6     100%        6
 Death Channel            Necr           7%         N/A       100%        6
 Leda's Unmaking          Conj/Erth      7%         9d2       100%        6
 Plasma Beam              Fire/Air       7%         2x1d20    100%        6
 Statue Form              Tmut/Erth      10%        N/A       100%        6
 Monstrous Menagerie      Summ           7%         N/A       100%        7
 Discord                  Hex            7%         N/A       100%        8
 Disjunction              Tloc           31%        N/A       100%        8
 Maxwell's Capacitive Co  Air            7%         ∞         100%        8
 Necromutation            Tmut/Necr      7%         N/A       100%        8


Dungeon Overview and Level Annotations

Branches:
Dungeon (15/15)            Temple (0/1) D:4            Lair (5/5) D:11
  Swamp (4/4) Lair:2       Spider (4/4) Lair:2        Slime (5/5) Lair:4
    Orc (2/2) D:11            Elf (0/3) Orc:2        Vaults (0/5) D:13
 Depths (4/4) D:15            Zot (3/5) Depths:4      Sewer (visited)
 Bailey (visited)

Altars:
Cheibriados
Elyvilon
Makhleb
Okawaru
Ru
Trog
Wu Jian
Zin
Jiyva

Shops:
D:8 *   D:11 (   D:13 ?   D:15 (   Orc:1 =[[   Orc:2 *=(*   Depths:1 :==
Depths:4 (*

Portals:
Hell: Depths:1 Depths:2 Depths:3 Depths:4
Abyss: Depths:3
Pandemonium: Depths:1 Depths:2 Depths:3
Ziggurat: Depths:4

Annotations:
D:12 6 runed translucent doors
Lair:5 3 runed translucent doors, Ucogroa's ghost, journeyman VSBr; Vorghiugo's ghost, journeyman OpAr
Swamp:1 2 transporters, Zigma's ghost, adept KoEn
Slime:5 Royal Jelly
Zot:2 exclusion: lightning spire


Innate Abilities, Weirdness & Mutations

((You are very nimble when in or above water. (Stealth+, EV+, Speed+++)))
Your lower body shifts to a powerful aquatic tail in water.
You are completely covered in large bone plates. (SH +8)
You possess an exceptional clarity of mind.
Your mind is acute. (Int +4, Str/Dex -1)
Your flesh is almost immune to the effects of heat. (rF+++)
You passively map a large area around you.
Your system is resistant to poisons. (rPois)
Your spells are harder to cast, but more powerful.
Armour fits poorly on your pseudopods.
Your translucent skin slightly reduces your foes' accuracy. (Stealth+)
You occasionally lose the ability to read scrolls when taking damage.
Your melee attacks may engulf your foes in ooze.


Message History

Unknown command.
You are too injured to fight recklessly!
You slice the purple draconian shifter!!
You burn the purple draconian shifter.
You kill the purple draconian shifter!
You feel sick. Something hits you!
You feel sick.
Items here: )) [[[ ÷÷÷.
Okay, then.
You are confused.
You feel invigorated.
You feel sick. Something hits you!!
* * * LOW HITPOINT WARNING * * *
You are more poisoned.
The purple draconian breathes dispelling energy at you.
The bolt of dispelling energy hits something!!
Reactivating autopickup.
The black draconian knight's magical effects unravel!
The bolt of dispelling energy misses you.
The black draconian knight gestures wildly while chanting.
The black draconian knight seems to speed up.
You feel better.
You feel less invigorated.
The black draconian knight hits you from afar with a +2 glaive of venom!
* * * LOW HITPOINT WARNING * * *
The black draconian breathes lightning at you.
The bolt of lightning hits the black draconian knight.
The black draconian knight completely resists.
The bolt of lightning hits you!!
* * * LOW HITPOINT WARNING * * *
The bolt of lightning misses you.
You hear a roar! x2; You hear a deafening roar!
Casting: Ozocubu's Armour (safe; 1% risk of failure)
Confirm with . or Enter, or press ? or * to list all spells.
Okay, then.
Okay, then.
As you read the scroll of fog, it crumbles to dust.
The scroll dissolves into smoke.
The black draconian knight points at you and mumbles some strange words.
The shard of ice hits you!! You partially resist.
You feel threatened and lose the ability to read scrolls!
You die...

* * , , ### , ,
#§## ,
......)#@##
..<....##§##
....... ##q##
,,, ,
###.....#.#d##
* * ,
*##.....#.#d##
* *
.......#.#q## ,
, , ,
q##...#..#.#)##
**
##..##....#.##
* , , ,##
##....#.##


You could see a black draconian knight (fast).

Vanquished Creatures
  An orb of fire (Zot:3)
  Bai Suzhen (Depths:2)
  4 golden dragons
  Arachne (Spider:4)
  A bone dragon (Zot:3)
  An electric golem (Zot:3)
  An iron giant (Depths:2)
  A walking crystal tome (Depths:3)
  6 tentacled monstrosities
  A walking earthen tome (Depths:2)
  A walking frostbound tome (Depths:4)
  3 quicksilver dragons
  A titan (Depths:3)
  A kraken (Swamp:4)
  A sphinx (Depths:3)
  5 storm dragons
  6 death cobs
  10 shadow dragons
  A draconian monk (Zot:3)
  2 fire giants
  A fenstrider witch (Swamp:2)
  2 frost giants (Depths:3)
  2 draconian knights
  4 iron dragons
  4 emperor scorpions
  2 balrugs
  2 draconian scorchers
  5 ghost moths
  4 draconian shifters
  19 very ugly things
  4 draconian annihilators
  An ironbound preserver (D:13)
  Nessos (D:15)
  A broodmother (Spider:4)
  8 stone giants
  4 green draconians
  3 red draconians
  9 eleionomae
  13 black draconians
  2 yellow draconians
  A vampire knight (Depths:4)
  A lorocyproca (Depths:2)
  3 purple draconians
  4 spark wasps
  5 bunyips
  3 white draconians
  Snorg (D:12)
  4 fire dragons
  4 ettins
  5 entropy weavers
  29 hydras
  5 ice dragons
  2 rakshasas
  3 shambling mangroves (Swamp:4)
  A ghost crab (Swamp:2)
  4 jorogumos
  A spriggan air mage (Depths:2)
  A merfolk avatar (Lair:5)
  3 catoblepae
  2 dancing weapons (Zot:3)
  3 two-headed ogres
  A radroach (Spider:1)
  6 boulder beetles
  A titan zombie (Depths:3)
  4 deep troll shamans
  7 alligators
  4 spriggan berserkers
  5 centaur warriors
  10 deep troll earth magi
  2 death yaks (Lair:5)
  2 tengu warriors (D:15)
  7 orc high priests (Orc:2)
  2 shock serpents (Zot:3)
  Urug (D:12)
  3 sun demons
  7 hell knights (Depths:4)
  7 iron trolls
  A skeletal warrior (D:14)
  3 pharaoh ants
  2 skysharks (Lair:5)
  10 goliath frogs
  A sea snake (Lair:5)
  A sixfirhy (Zot:3)
  10 orb spiders
  12 swamp dragons
  5 sun moths (Spider:4)
  17 deep trolls
  5 spriggan druids (Swamp:4)
  13 bog bodies
  A tengu zombie (Depths:3)
  2 steelbarb worms
  A phantasmal warrior (D:14)
  3 lindwurms (Lair:1)
  A lindwurm (shapeshifter) (Depths:4)
  A harpy (Lair:5)
  2 necromancers
  7 deep elf pyromancers
  5 orc knights
  A shadow dragon skeleton (Depths:3)
  An oklob plant (Lair:5)
  15 wolf spiders
  22 ugly things
  2 orc sorcerers
  8 cyclopes
  7 manticores
  A rust devil (Depths:1)
  13 elephants
  14 moths of wrath
  A smoke demon (Depths:2)
  5 black mambas
  6 rime drakes
  2 gargoyles
  8 komodo dragons
  11 cane toads
  3 torpor snails
  8 demonic crawlers
  A yaktaur (shapeshifter) (D:9)
  Maggie (D:6)
  A storm dragon simulacrum (Zot:3)
  An anaconda simulacrum (Swamp:3)
  6 kobold demonologists
  2 ice devils (Depths:2)
  5 freezing wraiths
  3 tengu conjurers
  6 polar bears
  8 trolls
  6 meliai (Spider:2)
  A bloated husk (Swamp:3)
  A wind drake (Lair:5)
  Grinder (D:4)
  8 hornets
  5 tyrant leeches
  4 raiju (Zot:3)
  A hellwing (Depths:1)
  30 tarantellas
  18 blink frogs
  4 dream sheep (Lair:3)
  A draconian simulacrum (Zot:3)
  18 jumping spiders
  A snapping turtle (Lair:5)
  A vampire (D:9)
  8 culicivoras
  2 shadows
  57 yaks
  A water elemental (Depths:4)
  2 dire elephant simulacra (Swamp:3)
  11 spriggans
  5 wyverns
  8 wraiths
  A hog (shapeshifter) (D:14)
  47 redbacks
  2 chaos spawn (Depths:2)
  5 basilisks
  A steam dragon (D:9)
  8 vampire mosquitoes
  8 swamp worms
  10 wargs (Orc:2)
  A harpy simulacrum (Swamp:3)
  3 acid dragons
  18 water moccasins
  2 moth of wrath simulacra (Zot:3)
  12 swamp drakes
  A meliai simulacrum (D:14)
  An ice beast (D:5)
  20 orc warriors
  3 sky beasts
  15 black bears
  A boggart (D:14)
  7 ogres
  4 centaurs
  11 wolves
  A kobold brigand (D:11)
  7 bullfrogs
  4 deep troll simulacra (Swamp:3)
  A glowing shapeshifter simulacrum (Depths:3)
  2 wights (D:9)
  6 killer bees (D:9)
  4 howler monkeys
  4 electric eels
  4 hounds
  38 orc priests
  A jelly (Sewer)
  2 sleepcaps (D:5)
  Terence (D:2)
  An iguana (D:5)
  22 orc wizards
  5 lightning spires (Zot:3)
  6 gnolls
  12 adders
  A river rat (Sewer)
  A white imp (D:8)
  2 ufetubi
  2 worms
  A dart slug (D:2)
  101 orcs
  3 bats
  7 endoplasms
  10 giant cockroaches
  8 goblins
  5 hobgoblins
  9 jackals
  6 quokkas
  7 ball pythons
  A frilled lizard (Sewer)
  7 kobolds
  10 rats
  2 ball lightnings (Zot:3)
  3 tentacles (Swamp:4)
1241 creatures vanquished.

Vanquished Creatures (collateral kills)
  2 juggernauts (Depths:3)
  Roxanne (D:15)
  A very ugly thing (Depths:1)
  A rakshasa (Depths:3)
  A death knight (D:14)
  2 boulder beetles
  3 death yaks (Lair:5)
  A swamp dragon (Swamp:1)
  2 orb spiders
  3 elephants (Lair:5)
  A will-o-the-wisp (Swamp:1)
  An ugly thing (Depths:4)
  A torpor snail (Lair:5)
  A komodo dragon (Lair:5)
  A kobold demonologist (D:9)
  A tengu conjurer (D:9)
  A raiju (Zot:3)
  2 jumping spiders
  A vampire (D:9)
  2 vampire mosquitoes (Swamp:1)
  A swamp worm (Swamp:4)
  2 orc warriors (Bailey)
32 creatures vanquished.

Vanquished Creatures (others)
  An electric golem (Zot:3)
  An acid blob (Zot:3)
  A draconian monk (Zot:3)
  A fire giant (Depths:4)
  A draconian knight (Zot:2)
  A draconian shifter (Zot:3)
  2 ghost moths
  A great orb of eyes (Swamp:1)
  An ice dragon (Depths:1)
  A hydra (Lair:3)
  A shock serpent (Zot:3)
  6 glowing orange brains
  A steelbarb worm (Spider:2)
  A will-o-the-wisp (Swamp:2)
  3 ugly things (D:12)
  2 moths of wrath
  A cyclops (D:12)
  A kobold demonologist (D:11)
  A tengu conjurer (D:15)
  A meliai (shapeshifter) (D:14)
  3 bloated husks
  A tarantella (Spider:4)
  A blink frog (shapeshifter) (D:14)
  A vampire (D:13)
  10 slime creatures
  A spriggan (shapeshifter) (Depths:3)
  A yak (Lair:2)
  A basilisk (D:15)
  A steam dragon (D:8)
  A hog (shapeshifter) (D:12)
  A swamp drake (Swamp:2)
  2 water moccasins
  2 orc warriors
  A centaur (D:5)
  A boggart (shapeshifter) (D:12)
  A wolf (Lair:2)
  An ogre (Orc:2)
  4 bullfrogs
  A scorpion (D:5)
  A gnoll sergeant (D:5)
  176 jellies
  A howler monkey (D:11)
  2 jellies (shapeshifter) (D:12)
  3 orc priests
  4 orc wizards
  2 adders
  A gnoll (D:5)
  A shadow imp (D:6)
  An ufetubus (D:5)
  A worm (D:5)
  20 orcs
  A giant cockroach (shapeshifter) (D:12)
  2 goblins (D:15)
  3 hobgoblins
  A ball python (shapeshifter) (D:12)
  5 kobolds
  3 ball lightnings (Zot:3)
  11 foxfires (Swamp:1)
  6 tentacles (Swamp:4)
309 creatures vanquished.

Grand Total: 1582 creatures vanquished

Notes
Turn   | Place    | Note
-------+----------+-------------------------------------------
     0 | D:1      | NoAnimeNoLife the Merfolk Ice Elementalist began the quest
                  | for the Orb.
     0 | D:1      | Reached XP level 1. HP: 13/13 MP: 3/3
   277 | D:1      | Reached XP level 2. HP: 18/19 MP: 1/5
   457 | D:1      | Reached skill level 5 in Ice Magic
   991 | D:2      | Noticed Terence
  1000 | D:2      | Killed Terence
  1001 | D:2      | Reached XP level 3. HP: 24/24 MP: 1/6
  1351 | D:2      | Reached XP level 4. HP: 30/30 MP: 2/7
  2131 | D:2      | Learned a level 3 spell: Frozen Ramparts
  2135 | D:2      | Learned a level 3 spell: Ozocubu's Armour
  2165 | D:3      | Reached skill level 1 in Polearms
  2165 | D:3      | Reached XP level 5. HP: 23/35 MP: 0/8
  2168 | D:3      | Reached skill level 2 in Polearms
  2564 | D:3      | Reached XP level 6. HP: 38/41 MP: 9/9
  2604 | D:3      | Reached skill level 3 in Polearms
  2625 | D:3      | Found a glowing drain.
  2632 | Sewer    | Entered a sewer
  2887 | Sewer    | Found a viscous altar of Jiyva.
  2903 | Sewer    | Became a worshipper of Jiyva Juunahew the Shapeless
  3389 | D:4      | Reached * piety under Jiyva
  3543 | D:4      | Found a staircase to the Ecumenical Temple.
  3543 | D:4      | Noticed Grinder
  3562 | D:4      | Paralysed by Grinder for 5 turns
  3584 | D:4      | Reached skill level 4 in Polearms
  3584 | D:4      | Reached skill level 5 in Dodging
  3584 | D:4      | Reached XP level 7. HP: 42/46 MP: 10/10
  3613 | D:4      | Paralysed by Grinder for 5 turns
  3630 | D:4      | Paralysed by Grinder for 2 turns
  3637 | D:4      | Killed Grinder
  3638 | D:4      | Reached skill level 5 in Polearms
  3850 | D:4      | Reached ** piety under Jiyva
  4276 | D:5      | Entered Level 5 of the Dungeon
  4385 | D:5      | Reached skill level 1 in Fighting
  4405 | D:5      | Reached XP level 8. HP: 13/55 MP: 11/11
  4459 | D:5      | Reached skill level 6 in Polearms
  4602 | D:5      | Reached *** piety under Jiyva
  4640 | D:5      | Gained mutation: You are partially covered in iridescent
                  | scales. (AC +2) [Jiyva's grace]
  4640 | D:5      | Gained mutation: You are mostly covered in iridescent
                  | scales. (AC +4) [Jiyva's grace]
  4640 | D:5      | Gained mutation: You are completely covered in iridescent
                  | scales. (AC +6) [Jiyva's grace]
  4640 | D:5      | Gained mutation: You are covered in slimy tendrils that may
                  | disarm your opponents. [Jiyva's grace]
  5311 | D:6      | Reached **** piety under Jiyva
  5335 | D:6      | Noticed Maggie
  5364 | D:6      | Killed Maggie
  5365 | D:6      | Reached skill level 7 in Polearms
  5908 | D:7      | Reached XP level 9. HP: 66/66 MP: 12/12
  6031 | D:7      | Reached ***** piety under Jiyva
  6093 | D:7      | Reached skill level 8 in Polearms
  6145 | D:7      | Reached skill level 5 in Fighting
  6461 | D:8      | Found Jianugu's Assorted Antiques.
  6477 | D:8      | Bought a pair of embroidered gloves for 150 gold pieces
  6608 | D:8      | Gained mutation: You have hidden genetic potential.
                  | [Jiyva's grace]
  6608 | D:8      | Gained mutation: You have great hidden genetic potential.
                  | [Jiyva's grace]
  6608 | D:8      | Gained mutation: You have a pair of small horns on your
                  | head. [Jiyva's grace]
  6608 | D:8      | Gained mutation: You have a pair of horns on your head.
                  | [Jiyva's grace]
  6638 | D:8      | Reached skill level 9 in Polearms
  6663 | D:8      | Reached skill level 10 in Dodging
  6678 | D:8      | Found a burning altar of Makhleb.
  6678 | D:8      | Found a glowing silver altar of Zin.
  6679 | D:8      | Noticed an angel
  6679 | D:8      | Noticed a green death
  6871 | D:8      | Noticed a boulder beetle
  6908 | D:8      | Killed a boulder beetle
  6909 | D:8      | Reached skill level 10 in Polearms
  6909 | D:8      | Reached XP level 10. HP: 64/79 MP: 13/13
  7094 | D:9      | Gained mutation: Your system is resistant to poisons.
                  | (rPois) [hidden potential]
  7194 | D:9      | Found a flagged portal.
  7226 | Bailey   | Entered a bailey
  7361 | Bailey   | Noticed an orc knight
  7361 | Bailey   | Noticed an orc knight
  7371 | Bailey   | Killed an orc knight
  7372 | Bailey   | Reached skill level 11 in Polearms
  7374 | Bailey   | Killed an orc knight
  7402 | Bailey   | Noticed an orc knight
  7426 | Bailey   | Killed an orc knight
  7636 | D:9      | Reached XP level 11. HP: 89/89 MP: 14/14
  7843 | D:9      | Reached skill level 12 in Polearms
  7957 | D:9      | Noticed a deep elf pyromancer
  7967 | D:9      | Killed a deep elf pyromancer
  8117 | D:9      | Gained mutation: Your natural rate of healing is unusually
                  | fast. [hidden potential]
  8117 | D:9      | Lost mutation: You have great hidden genetic potential.
                  | [hidden potential expressed]
  8132 | D:9      | Reached ****** piety under Jiyva
  8253 | D:9      | Reached skill level 10 in Fighting
  8422 | D:10     | Entered Level 10 of the Dungeon
  8446 | D:10     | Reached skill level 13 in Polearms
  8446 | D:10     | Identified the +3 rapier of Nyt Tin {holy, Int+3}
  8683 | D:10     | Noticed a two-headed ogre
  8691 | D:10     | Killed a two-headed ogre
  8719 | D:10     | Gained mutation: Your rubbery body absorbs attacks. (AC +1,
                  | EV +1) [Jiyva's grace]
  8719 | D:10     | Gained mutation: Your pliable body absorbs attacks. (AC +2,
                  | EV +2) [Jiyva's grace]
  8719 | D:10     | Gained mutation: Your gelatinous body deflects attacks. (AC
                  | +3, EV +3) [Jiyva's grace]
  8719 | D:10     | Gained mutation: Your flesh is cold resistant. (rC+)
                  | [Jiyva's grace]
  8950 | D:10     | Found an ornate altar of the Wu Jian Council.
  8952 | D:10     | Found a snail-covered altar of Cheibriados.
  9059 | D:11     | Found Agrighar's Antique Weapon Shoppe.
  9095 | D:11     | Noticed a two-headed ogre
  9106 | D:11     | Killed a two-headed ogre
  9120 | D:11     | Found a staircase to the Lair.
  9146 | D:11     | Reached XP level 12. HP: 99/99 MP: 15/15
  9189 | D:11     | Reached skill level 14 in Polearms
  9232 | D:11     | Gained mutation: You expend magic power (3 MP) to
                  | strengthen your wands. [hidden potential]
  9269 | D:11     | Found a staircase to the Orcish Mines.
  9381 | D:11     | Reached skill level 15 in Polearms
  9657 | D:12     | Found a runed translucent gate.
  9657 | D:12     | Found a runed translucent gate.
  9657 | D:12     | Found a runed translucent gate.
  9679 | D:12     | Identified the +1 dagger of Wyrd {elec, *Rage rElec Str+3}
  9708 | D:12     | Noticed Urug
  9721 | D:12     | Killed Urug
  9722 | D:12     | Reached skill level 1 in Armour
  9728 | D:12     | Found a runed translucent door.
  9737 | D:12     | Found a runed translucent door.
  9769 | D:12     | Found a runed translucent door.
  9769 | D:12     | Noticed a merfolk avatar
  9974 | D:12     | Noticed Snorg
  9998 | D:12     | Killed Snorg
 10429 | D:12     | Noticed a merfolk impaler
 10513 | Lair:1   | Entered Level 1 of the Lair of Beasts
 10524 | Lair:1   | Reached skill level 15 in Dodging
 10644 | Lair:1   | Lost mutation: Your gelatinous body deflects attacks. (AC
                  | +3, EV +3) [Jiyva's grace]
 10644 | Lair:1   | Lost mutation: You expend magic power (3 MP) to strengthen
                  | your wands. [Jiyva's grace]
 10644 | Lair:1   | Gained mutation: Your mind is acute. (Int +4, Str/Dex -1)
                  | [Jiyva's grace]
 10644 | Lair:1   | Gained mutation: Your mind is very acute. (Int +8, Str/Dex
                  | -2) [Jiyva's grace]
 10644 | Lair:1   | Gained mutation: You have great hidden genetic potential.
                  | [Jiyva's grace]
 10644 | Lair:1   | Gained mutation: You have very sharp teeth. [Jiyva's grace]
 11131 | Lair:1   | Reached XP level 13. HP: 106/106 MP: 16/16
 11365 | Lair:2   | Found a hole to the Spider Nest.
 11368 | Lair:2   | Gained mutation: You have sharp fingernails. [hidden
                  | potential]
 11368 | Lair:2   | Lost mutation: You have great hidden genetic potential.
                  | [hidden potential expressed]
 11391 | Lair:2   | Reached skill level 5 in Armour
 11655 | Lair:2   | Found a staircase to the Swamp.
 12156 | Lair:2   | Found the +8 whip "Snakebite" {venom, curare, rPois}
 12516 | Lair:3   | Lost mutation: You have sharp fingernails. [Jiyva's grace]
 12516 | Lair:3   | Lost mutation: You have very sharp teeth. [Jiyva's grace]
 12516 | Lair:3   | Lost mutation: You have a pair of horns on your head.
                  | [Jiyva's grace]
 12516 | Lair:3   | Lost mutation: Your pliable body absorbs attacks. (AC +2,
                  | EV +2) [Jiyva's grace]
 12516 | Lair:3   | Lost mutation: Your rubbery body absorbs attacks. (AC +1,
                  | EV +1) [Jiyva's grace]
 12516 | Lair:3   | Gained mutation: You are partially covered in large bone
                  | plates. (SH +4) [Jiyva's grace]
 12516 | Lair:3   | Gained mutation: You are mostly covered in large bone
                  | plates. (SH +6) [Jiyva's grace]
 12516 | Lair:3   | Gained mutation: You are completely covered in large bone
                  | plates. (SH +8) [Jiyva's grace]
 12516 | Lair:3   | Gained mutation: You possess an exceptional clarity of
                  | mind. [Jiyva's grace]
 12565 | Lair:3   | Reached skill level 16 in Polearms
 12846 | Lair:3   | Reached skill level 17 in Polearms
 13072 | Lair:3   | Reached XP level 14. HP: 102/113 MP: 14/17
 13315 | Lair:4   | Found a staircase to the Slime Pits.
 13369 | Slime:1  | Entered Level 1 of the Pits of Slime
 13409 | Slime:1  | Noticed a rockslime
 13460 | Slime:1  | Noticed a rockslime
 13464 | Slime:1  | Noticed an acid blob
 13642 | Slime:2  | Noticed an azure jelly
 13715 | Slime:2  | Noticed a rockslime
 13841 | Slime:2  | Lost mutation: You have a pair of small horns on your head.
                  | [potion of mutation]
 13841 | Slime:2  | Lost mutation: Your flesh is cold resistant. (rC+) [potion
                  | of mutation]
 13841 | Slime:2  | Lost mutation: Your natural rate of healing is unusually
                  | fast. [potion of mutation]
 13841 | Slime:2  | Lost mutation: You have hidden genetic potential. [potion
                  | of mutation]
 13841 | Slime:2  | Gained mutation: Your natural rate of healing is unusually
                  | fast. [potion of mutation]
 13843 | Slime:3  | Noticed a rockslime
 13844 | Slime:3  | Noticed an acid blob
 13850 | Slime:3  | Noticed a formless jellyfish
 13851 | Slime:3  | Noticed a formless jellyfish
 13853 | Slime:3  | Noticed a formless jellyfish
 13855 | Slime:4  | Noticed a quicksilver ooze
 13859 | Slime:5  | Entered Level 5 of the Pits of Slime
 13888 | Slime:5  | Noticed an acid blob
 13891 | Slime:5  | Found a viscous altar of Jiyva.
 13892 | Slime:5  | Noticed an acid blob
 13892 | Slime:5  | Noticed an acid blob
 13893 | Slime:5  | Noticed a rockslime
 13893 | Slime:5  | Noticed the Royal Jelly
 13893 | Slime:5  | Noticed an acid blob
 13893 | Slime:5  | Noticed an acid blob
 13894 | Slime:5  | Noticed an azure jelly
 13894 | Slime:5  | Noticed a formless jellyfish
 13894 | Slime:5  | Noticed an acid blob
 13895 | Slime:5  | Noticed an azure jelly
 13896 | Slime:5  | Noticed an azure jelly
 13899 | Slime:5  | Noticed an azure jelly
 13911 | Slime:5  | Got a slimy rune of Zot
 13913 | Slime:5  | Got the Treatise on the Sixfirhy
 13925 | Slime:5  | Identified the ring of Tisut {rF- rC+ rN+ MP+9 Str+4}
 13927 | Slime:5  | Identified the ring "Hojaaqox" {Will+ Str+6 Int+4}
 13936 | Slime:5  | Identified the ring "Jonorr" {rF+ rC+ rN+}
 13938 | Slime:5  | Identified the +0 chain mail of the World {Regen+}
 13939 | Slime:5  | Identified the +1 robe of Purpose {Dex+3}
 13957 | Slime:5  | Identified the staff of poison "Pusuuf" {rPois rC+}
 14037 | Slime:5  | Noticed an acid blob
 14096 | Slime:5  | Noticed a rockslime
 14216 | Slime:5  | Noticed an azure jelly
 14645 | Lair:4   | Reached skill level 18 in Polearms
 14839 | Lair:5   | Entered Level 5 of the Lair of Beasts
 14998 | Lair:5   | Found the ring of the Hare {EV+10}
 15017 | Lair:5   | Reached skill level 19 in Polearms
 15072 | Lair:5   | Found a runed translucent gate.
 15073 | Lair:5   | Found a runed translucent gate.
 15074 | Lair:5   | Found a runed translucent gate.
 15123 | Lair:5   | Identified the +8 demon trident of Uncomfortable Rashes
                  | {drain, Will+}
 15131 | Lair:5   | Got the Collected Works on the Violent Wayfarer
 15184 | Lair:5   | Reached skill level 20 in Polearms
 15247 | Lair:5   | Lost mutation: You are completely covered in iridescent
                  | scales. (AC +6) [Jiyva's grace]
 15247 | Lair:5   | Lost mutation: You are mostly covered in iridescent scales.
                  | (AC +4) [Jiyva's grace]
 15247 | Lair:5   | Lost mutation: You possess an exceptional clarity of mind.
                  | [Jiyva's grace]
 15247 | Lair:5   | Gained mutation: Armour fits poorly on your pseudopods.
                  | [Jiyva's grace]
 15247 | Lair:5   | Gained mutation: Armour fits poorly on your large
                  | pseudopods. [Jiyva's grace]
 15247 | Lair:5   | Gained mutation: Armour fits poorly on your massive
                  | pseudopods. [Jiyva's grace]
 15247 | Lair:5   | Gained mutation: You have acidic saliva. [Jiyva's grace]
 15319 | Lair:5   | Reached skill level 1 in Evocations
 15501 | Lair:5   | Found a bloodstained altar of Trog.
 15518 | Lair:5   | Reached skill level 5 in Stealth
 15578 | Lair:5   | Identified a scroll of acquirement
 15578 | Lair:5   | Acquired a manual of Throwing
 15669 | Lair:5   | Reached skill level 1 in Throwing
 16014 | Lair:5   | Noticed Ucogroa's ghost (journeyman VSBr)
 16014 | Lair:5   | Noticed Vorghiugo's ghost (journeyman OpAr)
 16233 | Orc:1    | Entered Level 1 of the Orcish Mines
 16354 | Orc:2    | Entered Level 2 of the Orcish Mines
 16440 | Orc:2    | Found a staircase to the Elven Halls.
 16459 | Orc:2    | Reached XP level 15. HP: 111/118 MP: 16/18
 16569 | Orc:2    | Reached skill level 5 in Throwing
 16582 | Orc:2    | Found Xomio's Jewellery Shop.
 16602 | Orc:2    | Found Iridostreli's Assorted Antiques.
 16822 | Orc:2    | Found Gisyizu's Assorted Antiques.
 16822 | Orc:2    | Found Xogete's Antique Weapon Emporium.
 17253 | Orc:1    | Found Ununaipp's Armour Emporium.
 17261 | Orc:1    | Lost mutation: You are completely covered in large bone
                  | plates. (SH +8) [Jiyva's grace]
 17261 | Orc:1    | Lost mutation: Your mind is very acute. (Int +8, Str/Dex
                  | -2) [Jiyva's grace]
 17261 | Orc:1    | Lost mutation: You have acidic saliva. [Jiyva's grace]
 17261 | Orc:1    | Lost mutation: Armour fits poorly on your massive
                  | pseudopods. [Jiyva's grace]
 17261 | Orc:1    | Lost mutation: You are covered in slimy tendrils that may
                  | disarm your opponents. [Jiyva's grace]
 17261 | Orc:1    | Gained mutation: You have a pair of small horns on your
                  | head. [Jiyva's grace]
 17261 | Orc:1    | Gained mutation: You have a pair of horns on your head.
                  | [Jiyva's grace]
 17261 | Orc:1    | Gained mutation: You have a pair of large horns on your
                  | head. [Jiyva's grace]
 17261 | Orc:1    | Gained mutation: You have acidic saliva. [Jiyva's grace]
 17290 | Orc:1    | Found Judiaw's Jewellery Emporium.
 17337 | Orc:1    | Found Cirushre's Armour Shop.
 17479 | Orc:2    | Bought an embroidered cloak for 210 gold pieces
 17645 | Swamp:1  | Entered Level 1 of the Swamp
 17696 | Swamp:1  | Found a transporter.
 17696 | Swamp:1  | Noticed Zigma's ghost (adept KoEn)
 17698 | Swamp:1  | Found a transporter.
 17836 | Swamp:1  | HP: 5/118 [bog body (28)]
 17915 | Swamp:1  | Noticed a hellephant
 18018 | Swamp:1  | Reached skill level 10 in Stealth
 18188 | Swamp:2  | Noticed a fenstrider witch
 18189 | Swamp:2  | Killed a fenstrider witch
 18220 | Swamp:1  | Reached skill level 10 in Throwing
 18778 | Swamp:3  | Reached skill level 5 in Evocations
 18778 | Swamp:3  | Reached XP level 16. HP: 96/125 MP: 19/19
 18971 | Swamp:3  | Learned a level 3 spell: Vhi's Electric Charge
 19025 | Swamp:3  | Reached skill level 1 in Translocations
 19066 | Swamp:3  | Found a frozen archway.
 19533 | Swamp:4  | Entered Level 4 of the Swamp
 19564 | Swamp:4  | Lost mutation: You are mostly covered in large bone plates.
                  | (SH +6) [Jiyva's grace]
 19564 | Swamp:4  | Lost mutation: Your mind is acute. (Int +4, Str/Dex -1)
                  | [Jiyva's grace]
 19564 | Swamp:4  | Gained mutation: Your spells are a little harder to cast,
                  | but a little more powerful. [Jiyva's grace]
 19564 | Swamp:4  | Gained mutation: Your spells are harder to cast, but more
                  | powerful. [Jiyva's grace]
 19564 | Swamp:4  | Gained mutation: Your spells are much harder to cast, but
                  | much more powerful. [Jiyva's grace]
 19564 | Swamp:4  | Gained mutation: Your rubbery body absorbs attacks. (AC +1,
                  | EV +1) [Jiyva's grace]
 19597 | Swamp:4  | Noticed a tentacled monstrosity
 19608 | Swamp:4  | Killed a tentacled monstrosity
 19764 | Swamp:4  | Reached skill level 5 in Spellcasting
 19804 | Swamp:4  | Identified the +5 ring mail of Compression {Int+7 Dex-4}
 19920 | Swamp:4  | Reached skill level 5 in Translocations
 20213 | Swamp:4  | Got a decaying rune of Zot
 20379 | Swamp:4  | Noticed a kraken
 20457 | Swamp:4  | Killed a kraken
 20682 | Swamp:4  | Noticed a tentacled monstrosity
 20692 | Swamp:4  | Killed a tentacled monstrosity
 20756 | Swamp:4  | Reached XP level 17. HP: 131/131 MP: 28/28
 20828 | Spider:1 | Entered Level 1 of the Spider Nest
 20977 | Spider:1 | Reached XP level 18. HP: 141/141 MP: 29/29
 20978 | Spider:1 | Reached XP level 19. HP: 147/147 MP: 30/30
 21928 | Spider:3 | Reached skill level 10 in Evocations
 22041 | Spider:3 | Lost mutation: Your spells are much harder to cast, but
                  | much more powerful. [Jiyva's grace]
 22041 | Spider:3 | Lost mutation: Your spells are harder to cast, but more
                  | powerful. [Jiyva's grace]
 22041 | Spider:3 | Lost mutation: Armour fits poorly on your large pseudopods.
                  | [Jiyva's grace]
 22041 | Spider:3 | Gained mutation: You are mostly covered in large bone
                  | plates. (SH +6) [Jiyva's grace]
 22041 | Spider:3 | Gained mutation: You are completely covered in large bone
                  | plates. (SH +8) [Jiyva's grace]
 22041 | Spider:3 | Gained mutation: Your spells are harder to cast, but more
                  | powerful. [Jiyva's grace]
 22041 | Spider:3 | Gained mutation: Your spells are much harder to cast, but
                  | much more powerful. [Jiyva's grace]
 22743 | Spider:4 | Entered Level 4 of the Spider Nest
 23249 | Spider:4 | Noticed Arachne
 23267 | Spider:4 | Killed Arachne
 23489 | Spider:4 | Reached XP level 20. HP: 154/154 MP: 31/31
 23564 | Spider:4 | Got a gossamer rune of Zot
 23837 | D:13     | Found a gate to the Vaults.
 24035 | D:13     | Found Pineohym's Magic Scroll Shoppe.
 24048 | D:13     | Bought a scroll of blinking for 112 gold pieces
 24048 | D:13     | Bought a scroll of fog for 60 gold pieces
 24169 | D:13     | Lost mutation: You have a pair of large horns on your head.
                  | [Jiyva's grace]
 24169 | D:13     | Lost mutation: You are partially covered in iridescent
                  | scales. (AC +2) [Jiyva's grace]
 24169 | D:13     | Lost mutation: Your spells are much harder to cast, but
                  | much more powerful. [Jiyva's grace]
 24169 | D:13     | Lost mutation: Your rubbery body absorbs attacks. (AC +1,
                  | EV +1) [Jiyva's grace]
 24169 | D:13     | Lost mutation: Armour fits poorly on your pseudopods.
                  | [Jiyva's grace]
 24169 | D:13     | Gained mutation: Armour fits poorly on your pseudopods.
                  | [Jiyva's grace]
 24169 | D:13     | Gained mutation: Armour fits poorly on your large
                  | pseudopods. [Jiyva's grace]
 24169 | D:13     | Gained mutation: Armour fits poorly on your massive
                  | pseudopods. [Jiyva's grace]
 24169 | D:13     | Gained mutation: You expend magic power (3 MP) to
                  | strengthen your wands. [Jiyva's grace]
 25290 | D:14     | Learned a level 2 spell: Blink
 25902 | D:14     | Found an iron altar of Okawaru.
 26045 | D:15     | Entered Level 15 of the Dungeon
 26056 | D:15     | Identified Roxanne's Catalogue of Teratogeny
 26056 | D:15     | Noticed Roxanne
 26170 | D:15     | Noticed Nessos
 26183 | D:15     | Killed Nessos
 26236 | D:15     | Killed Roxanne
 26266 | D:15     | Found a white marble altar of Elyvilon.
 26313 | D:15     | Lost mutation: You have a pair of horns on your head.
                  | [Jiyva's grace]
 26313 | D:15     | Lost mutation: Your natural rate of healing is unusually
                  | fast. [Jiyva's grace]
 26313 | D:15     | Lost mutation: Armour fits poorly on your massive
                  | pseudopods. [Jiyva's grace]
 26313 | D:15     | Lost mutation: You expend magic power (3 MP) to strengthen
                  | your wands. [Jiyva's grace]
 26313 | D:15     | Gained mutation: Your flesh is heat resistant. (rF+)
                  | [Jiyva's grace]
 26313 | D:15     | Gained mutation: Your flesh is very heat resistant. (rF++)
                  | [Jiyva's grace]
 26313 | D:15     | Gained mutation: Your flesh is almost immune to the effects
                  | of heat. (rF+++) [Jiyva's grace]
 26313 | D:15     | Gained mutation: Your mind is acute. (Int +4, Str/Dex -1)
                  | [Jiyva's grace]
 26376 | D:15     | Found Jadoos's Antique Weapon Emporium.
 26426 | D:15     | Bought an ichor-stained glaive for 356 gold pieces
 26426 | D:15     | Identified the +3 glaive of Dithmenos, Healing {heavy,
                  | Drain rPois rCorr} (You bought it in a shop on level 15 of
                  | the Dungeon)
 26450 | D:15     | Found a staircase to the Depths.
 26632 | D:15     | Found a bloodstained altar of Trog.
 26720 | Depths:1 | Entered Level 1 of the Depths
 27058 | Depths:1 | Reached skill level 10 in Ice Magic
 27437 | Depths:1 | Found a gateway to Hell.
 27740 | Depths:1 | Found a one-way gate leading to the halls of Pandemonium.
 28008 | Depths:1 | Found Jaofoim's Book Boutique.
 28008 | Depths:1 | Found Liuqaetina's Jewellery Shoppe.
 28009 | Depths:1 | Found Quoq's Jewellery Shoppe.
 28021 | Depths:1 | Bought the amulet of the Four Winds {rN+ Will+++ Clar} for
                  | 667 gold pieces
 28021 | Depths:1 | Found the amulet of the Four Winds {rN+ Will+++ Clar}
 28064 | Depths:1 | Learned a level 1 spell: Apportation
 28422 | Depths:2 | Lost mutation: You have a pair of small horns on your head.
                  | [Jiyva's grace]
 28422 | Depths:2 | Gained mutation: Your melee attacks may engulf your foes in
                  | ooze. [Jiyva's grace]
 28422 | Depths:2 | Gained mutation: Your translucent skin slightly reduces
                  | your foes' accuracy. (Stealth+) [Jiyva's grace]
 28422 | Depths:2 | Gained mutation: Your translucent skin reduces your foes'
                  | accuracy. (Stealth+) [Jiyva's grace]
 28422 | Depths:2 | Gained mutation: Your transparent skin significantly
                  | reduces your foes' accuracy. (Stealth+) [Jiyva's grace]
 28495 | Depths:2 | Noticed Bai Suzhen
 28508 | Depths:2 | Killed Bai Suzhen
 28697 | Depths:2 | Noticed a golden dragon
 28704 | Depths:2 | Killed a golden dragon
 28705 | Depths:2 | Reached XP level 21. HP: 166/166 MP: 32/32
 29567 | Depths:3 | Reached skill level 21 in Polearms
 29910 | Depths:3 | Noticed a juggernaut
 29946 | Depths:3 | Noticed a juggernaut
 29948 | Depths:3 | Killed a juggernaut
 29949 | Depths:3 | Reached skill level 22 in Polearms
 29953 | Depths:3 | Killed a juggernaut
 30138 | Depths:3 | Identified the +8 morningstar of Compulsion {freeze, *Slow
                  | rPois Str+4 Stlth+}
 30144 | Depths:3 | Got Sif Muna's Anthology of Weird Turbulence
 30475 | Depths:3 | Reached skill level 23 in Polearms
 30743 | Depths:3 | Found a one-way gate to the infinite horrors of the Abyss.
 30969 | Depths:4 | Entered Level 4 of the Depths
 31076 | Depths:4 | Found a one-way gateway to a ziggurat.
 31149 | Depths:4 | Found Ysuwuom's Antique Weapon Boutique.
 31153 | Depths:4 | Found Patut's Assorted Antiques.
 31159 | Depths:4 | Bought a scroll of teleportation for 114 gold pieces
 31264 | Depths:4 | Found a gate to the Realm of Zot.
 31306 | Depths:4 | Reached skill level 24 in Polearms
 31313 | Depths:4 | Reached skill level 15 in Fighting
 31419 | Depths:4 | Lost mutation: You have acidic saliva. [Jiyva's grace]
 31419 | Depths:4 | Lost mutation: Armour fits poorly on your large pseudopods.
                  | [Jiyva's grace]
 31419 | Depths:4 | Lost mutation: Your transparent skin significantly reduces
                  | your foes' accuracy. (Stealth+) [Jiyva's grace]
 31419 | Depths:4 | Lost mutation: Your translucent skin reduces your foes'
                  | accuracy. (Stealth+) [Jiyva's grace]
 31419 | Depths:4 | Gained mutation: You possess an exceptional clarity of
                  | mind. [Jiyva's grace]
 31419 | Depths:4 | Gained mutation: You passively map a small area around you.
                  | [Jiyva's grace]
 31419 | Depths:4 | Gained mutation: You passively map the area around you.
                  | [Jiyva's grace]
 31419 | Depths:4 | Gained mutation: You passively map a large area around you.
                  | [Jiyva's grace]
 31501 | Depths:4 | Reached XP level 22. HP: 111/177 MP: 33/33
 31552 | Depths:4 | Found a sacrificial altar of Ru.
 32185 | Zot:1    | Entered Level 1 of the Realm of Zot
 32185 | Zot:1    | Noticed a golden dragon
 32188 | Zot:2    | Noticed a golden dragon
 32193 | Zot:2    | Noticed an orb of fire
 32195 | Zot:2    | Noticed a golden dragon
 32197 | Zot:3    | Noticed a golden dragon
 32298 | Zot:3    | Identified the ring of Dauschuo {Ice rPois rCorr}
 32298 | Zot:3    | Noticed Josephina
 32321 | Zot:3    | Slimified Josephina
 32321 | Zot:3    | Josephina changed into Josephina the acid blob
 32321 | Zot:3    | Noticed Josephina
 32331 | Zot:3    | Killed Josephina the acid blob
 32555 | Zot:3    | Noticed an orb of fire
 32691 | Zot:3    | Gained mutation: You occasionally lose the ability to read
                  | scrolls when taking damage. [an orb of fire]
 32700 | Zot:3    | Killed an orb of fire
 32976 | Zot:3    | Killed a golden dragon
 33062 | Zot:3    | Noticed a golden dragon
 33078 | Zot:3    | Killed a golden dragon
 34884 | Zot:2    | Killed a golden dragon
 35135 | Zot:2    | Killed from afar by a black draconian knight

Illustrated notes

Levels and vault maps discovered:
D:1:      dpeg_arrival_simpleton_c, layout_basic
D:2:      layout_loops_ring, supply_closet_lemuel, uniq_terence
D:3:      layout_rooms, gup_sewer_entry_spiral, st_stairs_10
D:4:      layout_basic, minmay_temple_entry_statues_pillars,
          hangedman_abyss_or_decor_stagger, uniq_grinder
D:5:      layout_rooms, minmay_gold_behind_fungi, hex_tiny, glass_columns_a,
          hangedman_decor_growths, minmay_puff
D:6:      layout_basic, uniq_maggie
D:7:      layout_loops_corners
D:8:      layout_rooms, grunt_temple_overflow_order_and_chaos_2, serial_shops,
          shop, kennysheep_crisscross, lightli_minifort
D:9:      minmay_slanted_spiral_squares, layout_cave_pods, enter_bailey_3,
          corexii_corridor_pit, amcnicky_mini_rare_corridor_liquid
D:10:     layout_basic, gammafunk_temple_overflow_pools, eino_curves_01
D:11:     layout_roguey, david_lair_generic, orc_david_3, serial_shops,
          shop_statue
D:12:     layout_long_grid, ploomutoo_gammafunk_ghost_potion_laboratory,
          mikee_hates_you, uniq_urug, uniq_snorg
D:13:     layout_cave_pods, skrybe_vaults_entry_preservation, serial_shops,
          shop_scrolls
D:14:     layout_layer_cave, hellmonk_okawaru_the_only_friend_you_need,
          nzn_random_ring
D:15:     grunt_enter_depths_hoard, layout_rooms, serial_shops,
          nicolae_shop_overgrown_old_shop, elyvilon_altar_1,
          chequers_decorated_corner, trog_hazing_becter, uniq_nessos,
          uniq_roxanne
Lair:1:   layout_chaotic_city, nicolae_lair_lindhole, lemuel_fruit_tree
Lair:2:   minmay_guarded_unrand_snakebite, layout_cave_pods,
          nicolae_swamp_entry_splash_gauntlet, spider_nest_entry_web_field,
          grunt_megastairs_2
Lair:3:   layout_hall_layers, beast_lair_carwin_7, grunt_megastairs_4
Lair:4:   layout_big_grid, nicolae_slime_entry_field_trip, st_stairs_9
Lair:5:   gammafunk_lair_ancient_temple, layout_regular_city,
          gammafunk_ghost_cemetery, enter_volcano_2, lemuel_oklob_altar,
          serial_bayou_shore_a
Swamp:1:  layout_falls_marsh, gammafunk_ghost_abyssal_escape,
          nicolae_swamp_tree_designs
Swamp:2:  layout_falls_marsh, infiniplex_staircase_pool
Swamp:3:  layout_basic_swamp, portal_ice_cave_entry_ice_simulacra,
          evilmike_swamp_ruin_rubble_1, nicolae_swamp_little_tower
Swamp:4:  swamp_basic_johnstein, layout_basic_swamp, swamp_pool2,
          nicolae_swamp_thats_no_hydra
Spider:1: layout_spider_delve
Spider:2: layout_spider_delve
Spider:3: layout_spider_delve, hangedman_spider_tarantella_strand
Spider:4: johnstein_spider_rune_arachne_lair
Slime:1:  layout_caves
Slime:2:  layout_caves
Slime:3:  layout_caves
Slime:4:  layout_caves
Slime:5
Orc:1:    layout_caves, serial_shops, nicolae_shop_gaudy_bauble,
          nicolae_shop_rolling_square, nicolae_shop_hallway_stairs
Orc:2:    st_orc_town, layout_diamond_mine, nicolae_orc_rockfall
Depths:1: layout_cave_shapes, hell_entry, rand_demon_pan_entry_5,
          minmay_librarian, minmay_shop_grove
Depths:2: dreamdust_hydra_shepherd, layout_gridville, lightli_too_deep,
          rand_demon_pan_entry_9, nicolae_triple_integral, uniq_bai_suzhen
Depths:3: minmay_broken_ring, layout_basic, pan_entry, abyss_entry_glasseish,
          pf_hell_entry_tar_spiral
Depths:4: grunt_zot_entry_tricorne, layout_gridlike, enter_ziggurat_f,
          hangedman_geh_valley, hangedman_ru_absence, minmay_shoptagon
Zot:1:    layout_basic, st_small_dragon_hoard_3, evilmike_ambush
          [evilmike_ambush_outer_basic, evilmike_ambush_inner_wall_2],
          grunt_megastairs_5
Zot:2:    layout_onion_interference, st_stairs_11, amethyst_zot_foddershock
Zot:3:    infiniplex_zot_generator, layout_basic, hangedman_zot_decor_tridents,
          st_large_dragon_hoard_1, uniq_josephina

Skill      XL: |  1  2  3  4  5  6  7  8  9 10 11 12 13 14 15 16 17 18 19 20 21 22 |
---------------+-------------------------------------------------------------------+-----
Ice Magic      | 5 6 7 11 | 11.4
Polearms       | 1 2 4 5 7 10 11 13 15 17 20 24 | 24.0
Dodging        | 3 4 5 6 8 10 12 14 15 17 19 20 21 | 21.2
Fighting       | 1 4 7 9 10 11 12 14 15 19 | 19.5
Armour         | 4 6 |  6.2
Evocations     | 4 5 6 13 | 13.9
Stealth        | 6 11 | 11.1
Throwing       | 3 11 12 13 | 13.1
Translocations | 6 |  6.6
Spellcasting   | 7 |  7.6

Action                     |  1- 3 |  4- 6 |  7- 9 | 10-12 | 13-15 | 16-18 | 19-21 | 22-24 || total
---------------------------+-------+-------+-------+-------+-------+-------+-------+-------++-------
  Melee: Unarmed           |    16 |       |       |       |       |       |       |       ||    16
         Spear             |    14 |   154 |   203 |   103 |       |       |       |       ||   474
         Punch             |       |     3 |     1 |     1 |       |       |       |       ||     5
         Tailslap          |       |     1 |       |       |    28 |    25 |    18 |     8 ||    80
         Headbutt          |       |       |    16 |    95 |    92 |    63 |   264 |       ||   530
         Glaive            |       |       |       |   116 |       |       |       |       ||   116
         Bardiche          |       |       |       |   270 |   983 |   362 |  1661 |   505 ||  3781
         Bite              |       |       |       |     7 |    77 |    30 |   289 |       ||   403
         Pseudopods        |       |       |       |       |   106 |    65 |   466 |   130 ||   767
  Throw: Javelin           |       |       |       |       |     2 |     1 |     5 |    11 ||    19
   Cast: Freeze            |    43 |    42 |    69 |    11 |       |       |       |       ||   165
         Frozen Ramparts   |       |    11 |    31 |    50 |    42 |     2 |    76 |     6 ||   218
         Ozocubu's Armour  |       |     4 |    13 |    21 |    26 |     6 |    42 |     7 ||   119
 Invoke: Oozemancy         |       |       |       |       |     1 |       |       |     9 ||    10
         Slimify           |       |       |       |       |     1 |       |       |     1 ||     2
  Evoke: Wand              |       |       |     7 |     1 |    14 |     6 |    23 |    11 ||    62
         Tin of tremorston |       |       |       |     3 |     4 |       |     3 |       ||    10
         Box of beasts     |       |       |       |       |       |     1 |     4 |     1 ||     6
         Lightning rod     |       |       |       |       |       |       |     7 |     4 ||    11
    Use: Potion            |       |     5 |       |     1 |     8 |     2 |     5 |     8 ||    29
         Scroll            |       |     3 |     5 |    13 |    12 |     3 |    11 |     6 ||    53
   Stab: Sleeping          |     3 |     8 |     6 |     6 |    23 |    15 |    33 |     3 ||    97
         Petrified         |       |       |       |       |     5 |       |       |       ||     5
         Distracted        |       |       |       |       |     5 |     5 |    16 |     1 ||    27
         Invisible         |       |       |       |       |     1 |       |       |     1 ||     2
         Confused          |       |       |       |       |     1 |       |       |       ||     1
 Armour: Robe              |     1 |     5 |       |       |       |       |       |       ||     6
         Leather armour    |       |    31 |    56 |       |       |       |       |       ||    87
         Steam dragon scal |       |       |    42 |   170 |   278 |    77 |   424 |    93 ||  1084
         Storm dragon scal |       |       |       |       |       |       |       |    18 ||    18
  Dodge: Dodged            |    37 |   127 |   127 |   491 |  1189 |   594 |  2718 |   625 ||  5908
  Block: Other             |       |       |       |       |   336 |    89 |   764 |   166 ||  1355

Table legend: (Time is in decaauts)
 A = Elapsed time spent in this place.
 B = Non-inter-level travel time spent in this place.
 C = Inter-level travel time spent in this place.
 D = Time resting spent in this place.
 E = Time spent auto-exploring this place.
 F = Levels seen in this place.
 G = Mean time per level.
                   A        B        C        D        E       F      G
               +--------+--------+--------+--------+--------+-----+--------+
         Total |  34069 |  32122 |   1947 |   2070 |  20639 |  44 |  774.3 |
       Dungeon |  12909 |  12349 |    560 |    425 |   9140 |  15 |  860.6 |
          Lair |   4957 |   4448 |    509 |    207 |   2935 |   5 |  991.4 |
         Swamp |   2794 |   2719 |     75 |    376 |   1341 |   4 |  698.5 |
   Spider Nest |   2783 |   2651 |    132 |     62 |   1561 |   4 |  695.8 |
    Slime Pits |    871 |    792 |     79 |     40 |    638 |   5 |  174.2 |
  Orcish Mines |   1286 |   1157 |    129 |     13 |    804 |   2 |  643.0 |
        Depths |   5110 |   4897 |    213 |    240 |   3170 |   4 | 1277.5 |
           Zot |   2668 |   2421 |    247 |    588 |    808 |   3 |  889.3 |
         Sewer |    326 |    326 |      0 |      0 |    213 |   1 |  326.0 |
        Bailey |    361 |    361 |      0 |    118 |     27 |   1 |  361.0 |
               +--------+--------+--------+--------+--------+-----+--------+

Top non-repeatable levels by time:
   Zot:3: 2397 daAuts
    D:14: 1399 daAuts
Depths:3: 1393 daAuts
Depths:1: 1325 daAuts
     D:2: 1285 daAuts
  Lair:2: 1283 daAuts
Depths:2: 1254 daAuts
Depths:4: 1136 daAuts
 Swamp:4: 1088 daAuts
     D:4: 1079 daAuts
  Lair:5: 1075 daAuts
     D:1: 991 daAuts
  Lair:1: 967 daAuts
     D:9: 966 daAuts
Spider:3: 916 daAuts
